[Event "*** MasterClass Titled Tuesday Blitz"]
[Site "Chess.com"]
[Date "2017.11.07"]
[Round "7"]
[White "ChainsOfFantasia"]
[Black "Angry_Serb"]
[Result "1-0"]
[WhiteElo "2502"]
[BlackElo "2431"]
[TimeControl "180+2"]
[EndTime "15:41:25 PST"]
[Termination "ChainsOfFantasia won on time"]

1. d4 Nf6 2. c4 c5 3. d5 e6 4. Nc3 exd5 5. cxd5 Bd6 6. Nf3 Bc7 7. e4 d6 8. Bd3 a6 9. h3 b5 10. O-O O-O 11.
Re1 Re8 12. Bf4 Nbd7 13. a4 c4 14. Bf1 b4 15. Na2 Nxe4 16. Nxb4 Qf6 17. Be3 Ba5 18.
Bd4 Qg6 19. Bc3 Ndf6 20. Nc6 Bxc3 21. bxc3 Bxh3 22. Qd4 Bg4 23. Nh2 Bd7 24. Bxc4 Qg5 25. Nf3 Qh5 26. Bd3 Nc5 27. Bc4 Nfe4 28. Nd2 Bf5 29.
Nxe4 Bxe4 30. f3 Bxf3 31. gxf3 Qxf3 32. Bf1 Qg3+ 33. Bg2 Rxe1+ 34. Rxe1 Qxe1+ 35. Kh2 Re8 36. Qf4 Ne4 37. Qg4 Nf6 38. Qf4 Qxc3 39. Qxd6 Ng4+ 40. Kg1 Re1+ 41. Bf1 Qe3+ 42. Kg2 Qf2+ 43. Kh3 Qf3+ 44. Kh4 g5+ 45. Kxg5 Qxf1 46. Ne7+ Kg7 47. Nf5+ Kg8 48. Qd8+ 1-0

[Event "*** MasterClass Titled Tuesday Blitz"]
[Site "Chess.com"]
[Date "2017.11.07"]
[Round "7"]
[White "Hikaru"]
[Black "MITerryble"]
[Result "1/2-1/2"]
[WhiteElo "2986"]
[BlackElo "2643"]
[TimeControl "180+2"]
[EndTime "15:41:27 PST"]
[Termination "Game drawn by agreement"]

1. b3 d5 2. Bb2 Bg4 3. Nf3 c6 4. g3 Bxf3 5. exf3 Nd7 6. Bg2 e6 7. O-O Ngf6 8. f4 Bd6 9. d3 O-O 10. Nd2 e5 11. fxe5 Bxe5 12. c3 Re8 13. Nf3 Bd6 14.
Qc2 Ne5 15. Nxe5 Bxe5 16. Rfe1 Qd7 17. Re2 Bd6 18. Rae1 Rxe2 19. Rxe2 Re8 20. c4 Rxe2 21. Qxe2 Qe7 22. Qxe7 Bxe7 23. Bh3 dxc4 24. bxc4 Bd6 25. d4 b6 26. Kf1 c5 27. Ke2 Kf8 28. d5 Ke7 29.
Kd3 g6 30. Bc8 Nd7 31. f4 Kd8 32. Ba6 f5 33. Kc2 Ke7 34. Kb3 Nf6 35. Ka4 Ng4 36.
h4 Kd7 37. Bb5+ Kc7 38. h5 gxh5 39. Be8 h4 40. gxh4 Bxf4 41. Bf7 Be5 42. Bc1 f4 43. Bh5 Ne3 44. Kb3 Bf6 45. Bf3 Bxh4 46. Bb2 Be7 47.
Be5+ Bd6 48. Bf6 Nf5 49. Kc3 Nd4 50. Bxd4 cxd4+ 51. Kxd4 1/2-1/2

[Event "*** MasterClass Titled Tuesday Blitz"]
[Site "Chess.com"]
[Date "2017.11.07"]
[Round "7"]
[White "SCIM"]
[Black "Khamrakulov_Djurabek"]
[Result "0-1"]
[WhiteElo "2406"]
[BlackElo "2613"]
[TimeControl "180+2"]
[EndTime "15:41:31 PST"]
[Termination "Khamrakulov_Djurabek won by resignation"]

1. d4 Nf6 2. c4 e6 3. Nc3 Bb4 4.
Qc2 O-O 5. Nf3 c5 6. dxc5 Na6 7. g3 Nxc5 8. Bg2 Nfe4 9. O-O Bxc3 10. bxc3 Qa5 11. Nd4 Qxc3 12. Bxe4 Nxe4 13. Qxe4 Qxa1 14.
Ba3 Qxa2 15. Bxf8 Kxf8 16. Qxh7 f6 17. Qh8+ Kf7 18. Qh5+ Ke7 19. Qc5+ d6 20. Qc7+ Bd7 21. Rd1 Qa6 22. c5 d5 23. Rb1 Rc8 24. Qxb7 Qxb7 25. Rxb7 Rxc5 26. Rxa7 g6 27. h4 e5 28. Nf3 d4 29. g4 Kd6 30. g5 f5 31. Ra6+ Bc6 32.
Kg2 Rc2 33. Kf1 d3 34. exd3 Kd5 35. Ra5+ Kd6 36. Ra6 f4 37. d4 Kc7 38. Ra7+ Kb6 39. Ra3 Bb5+ 40. Kg2 e4 41. Ne5 e3 42. Ng4 Bd7 43. Nxe3 fxe3 44. Rxe3 Rd2 45. Kg3 Rxd4 46. f3 Kc6 47. Re7 Rd1 48. Rg7 Bf5 49. Rf7 Rh1 50. Rf8 Rh3+ 51. Kf4 Rxh4+ 52. Ke5 Rh1 53.
f4 Re1+ 54. Kf6 Re6+ 55. Kg7 Re4 56. Rxf5 gxf5 57. Kf6 Rxf4 58. g6 0-1

[Event "*** MasterClass Titled Tuesday Blitz"]
[Site "Chess.com"]
[Date "2017.11.07"]
[Round "7"]
[White "Msb2"]
[Black "Salem-AR"]
[Result "0-1"]
[WhiteElo "2649"]
[BlackElo "2796"]
[TimeControl "180+2"]
[EndTime "15:41:43 PST"]
[Termination "Salem-AR won by resignation"]

1. d4 Nf6 2. c4 g6 3. Nc3 d5 4.
Bg5 Ne4 5. h4 c5 6. cxd5 Nxc3 7.
bxc3 Qxd5 8. e3 Nc6 9. Qf3 Qf5 10.
Bb5 Bd7 11. Qxf5 gxf5 12. Nf3 Rg8 13. Kf1 a6 14. Be2 O-O-O 15. Rb1 Be6 16. a4 Bd5 17. Rh3 f6 18. Bf4 e5 19. dxe5 fxe5 20. Bg5 Rd7 21.
c4 Be4 22. Rc1 h6 23. Bf6 Rg6 24. Bh8 Rg8 25. Bf6 Rd6 26. Ne1 f4 27. Bxe5 Nxe5 28.
exf4 Nc6 29. Re3 Bf5 30. Nf3 Bg7 31. Ne5 Bxe5 32. fxe5 Rd4 33. g3 Kd7 34. Bf3 Be6 35. Be2 Na5 36. Rec3 Bh3+ 37. Ke1 Re4 38. f4 Bg4 39. R1c2 Ke6 40. Kf2 Bxe2 41. Rxe2 Rxc4 42.
Rf3 Kf5 43. e6 Nc6 44. e7 Re8 45. Rfe3 Rxa4 46. Re6 h5 47. Kg2 Ra2 48. Rxa2 Kxe6 49. Re2+ Kf5 50. Rd2 Nd4 0-1

[Event "*** MasterClass Titled Tuesday Blitz"]
[Site "Chess.com"]
[Date "2017.11.07"]
[Round "7"]
[White "FairChess_on_YouTube"]
[Black "Dr-Bassem"]
[Result "1-0"]
[WhiteElo "2788"]
[BlackElo "2606"]
[TimeControl "180+2"]
[EndTime "15:41:48 PST"]
[Termination "FairChess_on_YouTube won on time"]

1. d4 Nf6 2. Bg5 Ne4 3. Bf4 d5 4. f3 Nf6 5. Nc3 c5 6. e4 cxd4 7. Qxd4 Nc6 8. Bb5 Bd7 9. Bxc6 Bxc6 10. e5 Nd7 11. e6 fxe6 12. O-O-O e5 13. Bxe5 e6 14.
Bg3 Qf6 15. Nge2 Bc5 16. Qg4 O-O 17. Nd4 h5 18. Qxe6+ Kh8 19. Qxf6 Nxf6 20. Ne6 Be3+ 21. Kb1 Rf7 22. Rhe1 Bb6 23. Be5 Re8 24. Ng5 Rfe7 25.
f4 d4 26. Nce4 Ng4 27. Nd6 Rf8 28. Nc4 Bxg2 29. Nxb6 axb6 30. Bxd4 Rxe1 31. Rxe1 Bc6 32. h3 Nh6 33. Bxg7+ Kxg7 34. Ne6+ Kf7 35. Nxf8 Kxf8 36.
Re5 Bf3 37. c4 Kf7 38. Kc1 Kf6 39. Rb5 Nf5 40. Rxb6+ Ke7 41. Kd2 Bc6 42. b4 Kd6 43. Kc3 Ne7 44. Kd4 Nc8 45. c5+ Kd7 46. b5 1-0

[Event "*** MasterClass Titled Tuesday Blitz"]
[Site "Chess.com"]
[Date "2017.11.07"]
[Round "7"]
[White "NateSolon"]
[Black "GMKrikor"]
[Result "0-1"]
[WhiteElo "2385"]
[BlackElo "2602"]
[TimeControl "180+2"]
[EndTime "15:41:48 PST"]
[Termination "GMKrikor won by resignation"]

1. d4 Nf6 2. Bf4 e6 3. Nf3 c5 4. e3 Nc6 5. c3 d5 6. Nbd2 Nh5 7.
Bg5 Qb6 8. Qb3 h6 9. Bh4 g5 10. Bg3 Nxg3 11. hxg3 Bg7 12. Qxb6 axb6 13. Bb5 Ke7 14.
O-O Bd7 15. dxc5 bxc5 16. e4 Rhd8 17. exd5 exd5 18. a4 Kf8 19. Rad1 Be6 20. Nb3 c4 21. Nc5 Bc8 22. Rd2 g4 23. Nh4 Ne5 24. Rfd1 b6 25. Ne4 Be6 26. f4 gxf3 27. Nxf3 Nd3 28. Nf2 Nc5 29.
Bxc4 Nxa4 30. Bxd5 Bxd5 31. Rxd5 Rxd5 32. Rxd5 Nxb2 33. Rb5 Nc4 34. Rb4 Rc8 35. Ne4 Ke7 36. Nd4 Bxd4+ 37. cxd4 Ke6 38. Kf2 Kd5 39. Kf3 f5 40.
Nf6+ Kxd4 41. Kf4 Kc5 42. Rb1 b5 43. Kxf5 b4 44. Kg6 Rc6 45. Kg7 Kb5 46. g4 Ka4 47. Nd5 b3 48. Nc3+ Kb4 49. Nd5+ Ka3 50. Nf4 Rd6 51.
Ng6 b2 52. Kxh6 Ne5 0-1

[Event "*** MasterClass Titled Tuesday Blitz"]
[Site "Chess.com"]
[Date "2017.11.07"]
[Round "7"]
[White "DanielNaroditsky"]
[Black "yurisolo"]
[Result "0-1"]
[WhiteElo "2722"]
[BlackElo "2615"]
[TimeControl "180+2"]
[EndTime "15:41:51 PST"]
[Termination "yurisolo won by resignation"]

1. d4 Nf6 2. Nf3 c5 3. d5 b5 4. Bg5 Qb6 5. Bxf6 Qxf6 6. e4 Qxb2 7. Nbd2 g6 8. e5 Bh6 9. Be2 Bxd2+ 10. Nxd2 Qxe5 11.
O-O Bb7 12. c4 d6 13. Re1 Qd4 14. Bf1 bxc4 15. Qa4+ Kf8 16. Nxc4 Bxd5 17. Rad1 Bc6 18. Qa5 Qf6 19. Qc7 d5 20. Ne5 Kg7 21. Ng4 Qd6 22.
Rxe7 Qxc7 23. Rxc7 Rd8 24. Ne5 Ba4 25. Rxf7+ Kg8 26.
Re1 Nc6 27. Rc7 Rac8 28. Nxc6 Bxc6 29. Rxa7 d4 30. Ree7 Bd5 31. Rg7+ Kf8 32. Rxh7 c4 33. h4 d3 34. h5 gxh5 35. Rxh5 d2 36. Be2 c3 37.
Rf5+ Kg8 38. Rg5+ Kf8 39. Rf5+ Kg8 40. Rg5+ Kf8 41. Bd1 Rd6 42. Rf5+ Ke8 43. Re5+ Be6 44. Bc2 d1=Q+ 45. Bxd1 Rxd1+ 46. Kh2 Rd6 47. Rh5 Kf8 48. f4 c2 49. f5 c1=Q 50. fxe6 Qf4+ 51. g3 Rd2+ 52. Kh3 Qf1+ 53. Kh4 Rc4+ 54. g4 Qf6+ 55. Rg5 Qh6+ 56. Kg3 0-1

[Event "*** MasterClass Titled Tuesday Blitz"]
[Site "Chess.com"]
[Date "2017.11.07"]
[Round "7"]
[White "champ2005"]
[Black "matej2221"]
[Result "0-1"]
[WhiteElo "2450"]
[BlackElo "2093"]
[TimeControl "180+2"]
[EndTime "15:41:56 PST"]
[Termination "matej2221 won by resignation"]

1. e4 e5 2. Nf3 Nc6 3. Bb5 a6 4. Ba4 Nge7 5. O-O g6 6. c3 Bg7 7.
d4 exd4 8. cxd4 b5 9. Bb3 O-O 10. d5 Na5 11. Bc2 d6 12. Nc3 Bb7 13. Rb1 Nc4 14. b3 Nb6 15. Bb2 c6 16. dxc6 Nxc6 17.
Ne2 Bxb2 18. Rxb2 Qf6 19. Rb1 Nb4 20. a3 Nxc2 21. Qxc2 Rfe8 22. Ng3 Rac8 23. Qe2 Nd5 24. Qd3 Nf4 25. Qe3 Rc3 26. Qd4 Qxd4 27. Nxd4 Bxe4 28.
Rbe1 Bc6 29. Rxe8+ Bxe8 30. Ne4 Rd3 31. Nf6+ Kf8 32.
Nf3 Bc6 33. Nxh7+ Kg7 34. Nhg5 f6 35. Ne1 Rxb3 36. Ngf3 Bxf3 37. Nxf3 Rxa3 38. Rd1 d5 39. h3 Nxh3+ 40. Kh2 Nxf2 41. Rxd5 Ng4+ 42. Kg3 Ne5 43.
Kf4 Nxf3 44. gxf3 b4 45. Rd7+ Kh6 46. Rd6 a5 47. Rxf6 b3 48. Rb6 Ra4+ 49. Ke5 Rb4 50. Ra6 b2 0-1

[Event "*** MasterClass Titled Tuesday Blitz"]
[Site "Chess.com"]
[Date "2017.11.07"]
[Round "7"]
[White "Shivagami"]
[Black "VladDobrov"]
[Result "0-1"]
[WhiteElo "2066"]
[BlackElo "2646"]
[TimeControl "180+2"]
[EndTime "15:41:59 PST"]
[Termination "VladDobrov won by checkmate"]

1. d4 Nf6 2. Bf4 Nh5 3. Bg5 h6 4. Bh4 g5 5. e3 Nf6 6. Bg3 d6 7. h3 c5 8. c3 Nc6 9. Nd2 Bg7 10. Bd3 b6 11. Ne2 Bb7 12. O-O h5 13. a3 h4 14.
Bh2 g4 15. Nf4 e5 16. Ne2 Qe7 17. Nc4 gxh3 18. gxh3 Rg8 19. f3 O-O-O 20. Bf5+ Kb8 21. Kf2 cxd4 22. cxd4 Nd5 23. e4 exd4 24. exd5 Na5 25. Nxa5 Bh6 26. Qxd4 Be3+ 27. Qxe3 Rg2+ 28. Kxg2 Qxe3 29.
Rae1 Rg8+ 30. Bg4 bxa5 31. Bf4 Qd3 32. Nc3 f5 33. Bxd6+ Ka8 34. Rd1 Qc4 35. Rfe1 fxg4 36. hxg4 Qb3 37. Rd2 a4 38. Bb4 Qc4 39. Re4 Qc8 40.
Re7 a5 41. Bxa5 Rxg4+ 42. fxg4 Qxg4+ 43. Kh2 Qf4+ 44. Kh3 Bc8+ 45. Kg2 Qxd2+ 46. Re2 Qg5+ 47. Kh2 Qg3+ 48. Kh1 Bg4 49. Re8+ Kb7 50. Re7+ Ka6 51. Rf7 h3 52. d6 Qg2# 0-1

[Event "*** MasterClass Titled Tuesday Blitz"]
[Site "Chess.com"]
[Date "2017.11.07"]
[Round "7"]
[White "Cherone"]
[Black "bugsbunny444"]
[Result "0-1"]
[WhiteElo "2442"]
[BlackElo "2422"]
[TimeControl "180+2"]
[EndTime "15:42:02 PST"]
[Termination "bugsbunny444 won by checkmate"]

1. e4 b6 2. d4 Bb7 3. Bd3 e6 4.
Nf3 d6 5. O-O Nd7 6. c4 g6 7. Nc3 Bg7 8. Be3 Ne7 9. Rc1 h6 10. b4 O-O 11. Qd2 Kh7 12. Bb1 g5 13. Ne1 Ng6 14. Nd3 Nf6 15. f4 Nxe4 16. Nxe4 Bxe4 17.
fxg5 hxg5 18. Bxg5 f6 19. Be3 f5 20. Nf4 Nxf4 21.
Bxe4 fxe4 22. Bxf4 Qh4 23. Bg3 Qh6 24. Qxh6+ Kxh6 25. d5 Bd4+ 26. Kh1 e5 27. Rfe1 e3 28. Re2 Rf7 29.
h3 Raf8 30. Kg1 Kg5 31. Rce1 Kf5 32. Rxe3 Kg5 33. Kh2 Bxe3 34. Rxe3 Rf1 35. Ra3 Rc1 36.
Rxa7 Rff1 37. Bf2 Rxf2 38. Rxc7 Rcc2 39. Rg7+ Kh6 40. Rg4 Rxa2 41. h4 Kh5 42. Kh3 Ra3+ 43. g3 Raa2 44. Rg5+ Kh6 45. c5 bxc5 46. bxc5 Rh2+ 47. Kg4 dxc5 48. Rxe5 Rae2 49. Rg5 c4 50. d6 Rd2 51. Rh5+ Kg6 52. Rc5 Rd4+ 53. Kf3 Rhd2 54. Rc6 Kf5 55. d7 R4d3# 0-1

[Event "*** MasterClass Titled Tuesday Blitz"]
[Site "Chess.com"]
[Date "2017.11.07"]
[Round "7"]
[White "nicegg"]
[Black "AbdAlAgathos"]
[Result "1/2-1/2"]
[WhiteElo "1993"]
[BlackElo "2228"]
[TimeControl "180+2"]
[EndTime "15:42:09 PST"]
[Termination "Game drawn - insufficient material"]

1. e4 e6 2. d4 d5 3. Nc3 Bb4 4.
e5 b6 5. Qg4 Bf8 6. a4 Ne7 7. Nf3 Nbc6 8. Bg5 Qd7 9. h4 Bb7 10.
h5 h6 11. Bxe7 Nxe7 12. Bd3 Nc6 13. Qf4 Nb4 14. g4 O-O-O 15. g5 Nxd3+ 16. cxd3 c5 17. a5 Kb8 18. axb6 axb6 19. g6 fxg6 20. hxg6 c4 21.
Qf7 Qxf7 22. gxf7 Be7 23. Nh4 Bxh4 24. Rxh4 g5 25. Rh5 Rdf8 26. dxc4 dxc4 27. Nb5 Bf3 28. Rh3 Rxf7 29. Nd6 Rf4 30. Kd2 Bd5 31. Ke3 Rhf8 32. Rxh6 Rxf2 33. Rf6 R8xf6 34. exf6 Rxf6 35. Rg1 Rf3+ 36.
Ke2 Rb3 37. Rxg5 Rxb2+ 38. Ke3 Rg2 39. Rxg2 Bxg2 40. Nxc4 Kc7 41. Kf4 Bd5 42. Ne3 b5 43. Ke5 Kc6 44. Nc2 Kb6 45. Nb4 Bc4 46. Kd6 Ka5 47. Kc5 Ka4 48. Nc6 Kb3 49. Nb4 Kc3 50.
Nc6 Bd5 51. Nb4 Bc4 52. Nc6 Kd3 53. Nb4+ Ke4 54. Nc6 Kf5 55. Ne5 Kf6 56. Nxc4 bxc4 57.
Kxc4 Kf5 58. d5 exd5+ 59. Kxd5 1/2-1/2

[Event "*** MasterClass Titled Tuesday Blitz"]
[Site "Chess.com"]
[Date "2017.11.07"]
[Round "7"]
[White "Tarlev_Konstantin"]
[Black "Man-Chuk"]
[Result "1/2-1/2"]
[WhiteElo "2632"]
[BlackElo "2624"]
[TimeControl "180+2"]
[EndTime "15:42:27 PST"]
[Termination "Game drawn by repetition"]

1. c4 e6 2. Nc3 c5 3. Nf3 d5 4.
cxd5 exd5 5. d4 Nf6 6. g3 c4 7. Bg2 Bb4 8. O-O O-O 9. Bg5 Bxc3 10. bxc3 h6 11. Bxf6 Qxf6 12. Nd2 Rd8 13. e4 dxe4 14.
Nxe4 Qg6 15. Nd2 Qa6 16. Re1 Nd7 17. a4 Nf6 18. Re5 Bg4 19. Qb1 Rab8 20. Qb5 Be6 21.
Qxa6 bxa6 22. Rc5 Rbc8 23. Rxc8 Rxc8 24. Rb1 Bd5 25. Bf1 Ne8 26. Bh3 Rd8 27. Bg2 Nf6 28. f3 Ne8 29. Kf2 Nd6 30. Ne4 Bxe4 31. fxe4 f6 32. Ke3 Kf7 33. Bf3 Re8 34. Rb4 Nxe4 35.
Bxe4 f5 36. Rxc4 Rxe4+ 37. Kf3 Re6 38. d5 Re7 39. Rc6 a5 40. c4 g5 41. Rxh6 Re4 42. Rc6 g4+ 43. Kf2 Ke7 44. Rc7+ Kd6 45. Rxa7 Rxc4 46.
Rxa5 Re4 47. Ra8 Kxd5 48. a5 Ra4 49. a6 Ke4 50. a7 Ra2+ 51. Ke1 Kf3 52. Kd1 Kg2 53.
Kc1 Ra5 54. Kd2 Ra3 55. Ke2 Kg1 56. Kd2 Kg2 57. Ke2 Kg1 58. Kd2 Kg2 59. Kc2 Kg1 60. Kd2 Kg2 61. Ke2 Kg1 62. Kd2 1/2-1/2

[Event "*** MasterClass Titled Tuesday Blitz"]
[Site "Chess.com"]
[Date "2017.11.07"]
[Round "7"]
[White "Grebeniuk-S"]
[Black "Vamostodorecto"]
[Result "1-0"]
[WhiteElo "2429"]
[BlackElo "2290"]
[TimeControl "180+2"]
[EndTime "15:42:31 PST"]
[Termination "Grebeniuk-S won on time"]

1. d4 Nf6 2. Nf3 g6 3. Bg5 Bg7 4. Nbd2 d5 5. Bxf6 Bxf6 6. e4 dxe4 7. Nxe4 Bg7 8. c3 b6 9. Bc4 O-O 10. O-O Bb7 11. Re1 Nd7 12. Qe2 c5 13. dxc5 bxc5 14.
Neg5 e5 15. Nxf7 Rxf7 16. Rad1 Bxf3 17. Bxf7+ Kxf7 18. Qxf3+ Ke7 19. Qb7 Rc8 20. Qxa7 Qc7 21. Qa4 Nf6 22. h3 e4 23. Qc4 Kf8 24. Rd2 Re8 25.
b4 Qf4 26. Rde2 cxb4 27. cxb4 g5 28. b5 g4 29. g3 Qd6 30. hxg4 Bh6 31. Qc6 Qxc6 32.
bxc6 e3 33. f3 Rc8 34. Rc2 Nd5 35. f4 Bg7 36. Kg2 Bc3 37. Rd1 Bd2 38. Kf3 Nc3 39. Rxc3 Bxc3 40. Kxe3 Rxc6 41. Rd7 Bg7 42. f5 h6 43. Ke4 Rc4+ 44. Kf3 Ra4 45. Rd2 Ra3+ 46. Kg2 Bf6 47. Kh3 Kg7 48. Rc2 Be5 49. Rg2 Kf6 50. Kh4 Kg7 51. g5 hxg5+ 52. Kxg5 Bxg3 53. Rc2 Kf7 54. Rb2 Be5 55. Rb7+ Kf8 56. Rb5 Re3 57. a4 Re1 58. f6 1-0

[Event "*** MasterClass Titled Tuesday Blitz"]
[Site "Chess.com"]
[Date "2017.11.07"]
[Round "7"]
[White "VitaliyBernadskiy"]
[Black "severomorskij"]
[Result "0-1"]
[WhiteElo "2569"]
[BlackElo "2652"]
[TimeControl "180+2"]
[EndTime "15:42:34 PST"]
[Termination "severomorskij won by resignation"]

1. e4 c5 2. d3 g6 3. g3 Bg7 4.
Bg2 Nc6 5. Nc3 e6 6. Be3 d6 7. Nge2 Nge7 8. d4 cxd4 9. Nxd4 O-O 10. Ndb5 d5 11. exd5 exd5 12. Nd4 Bxd4 13. Bxd4 Nf5 14. Bc5 Re8+ 15. Kf1 d4 16. Ne4 Be6 17. g4 Bd5 18.
Qd3 Nh4 19. Nf6+ Qxf6 20. Bxd5 Rad8 21. Be4 Qe5 22. Bxc6 bxc6 23. b4 Qf4 24. Rd1 Qxg4 25. Rg1 Qf4 26. Rg3 Nf5 27. Kg1 Nxg3 28. hxg3 Qe4 29.
Bxa7 Qxd3 30. Rxd3 Ra8 31. Bxd4 Rxa2 32. c3 h5 33. Bf6 Rae2 34. Kg2 R2e6 35. Bd4 f6 36. Rd2 Kf7 37. Ra2 g5 38. Ra7+ Kg6 39. Rc7 Rb8 40. Rd7 h4 41. gxh4 gxh4 42. Kf3 Rh8 43. Ra7 h3 44.
Ra1 Kf5 45. Rh1 Re4 46. Rh2 Rf4+ 47. Ke2 Ke4 48. Be3 Rf3 49. c4 Rh5 50. Rh1 h2 51.
Kf1 Rxe3 52. fxe3 Kf3 53. e4 Kg3 54. c5 Re5 55. b5 Rxc5 56. b6 Rc1+ 57. Ke2 Rxh1 0-1

[Event "*** MasterClass Titled Tuesday Blitz"]
[Site "Chess.com"]
[Date "2017.11.07"]
[Round "7"]
[White "northridgehawk"]
[Black "AndrewMcStone"]
[Result "0-1"]
[WhiteElo "1944"]
[BlackElo "2107"]
[TimeControl "180+2"]
[EndTime "15:42:47 PST"]
[Termination "AndrewMcStone won by resignation"]

1. e4 Nc6 2. Nc3 Nf6 3. d4 d5 4.
e5 Nd7 5. f4 Nb6 6. Nf3 Bf5 7.
a3 e6 8. h3 Be7 9. Be3 h5 10. g3 Qd7 11. Be2 O-O-O 12. b3 f6 13.
a4 fxe5 14. fxe5 Bb4 15. Bd2 Qf7 16. a5 Nxa5 17. O-O Bxh3 18. Ng5 Qg6 19. Rf7 Bxc3 20. Bxc3 Qxg5 21. Kh2 h4 22. g4 Qe3 23. Rf3 Qg5 24.
Kxh3 Nc6 25. Bd2 Qg6 26. c3 Rdf8 27. Be3 Rxf3+ 28. Bxf3 Rf8 29. Qe2 Qf7 30. Rf1 Na5 31. b4 Nac4 32. Bg2 Qe7 33. Rxf8+ Qxf8 34. Bg5 Qf7 35. Bxh4 c6 36. Bg3 Qg6 37. Qf3 Nd7 38. Bh4 Nd2 39. Qf4 Ne4 40. Bf3 b6 41. Bxe4 dxe4 42.
Kg3 Kc7 43. Kf2 e3+ 44. Kxe3 Qc2 45. Qf7 Qxc3+ 46. Ke4 Qc2+ 47. Kf4 Qd2+ 48. Kg3 Qe1+ 49. Kh3 Qh1+ 50. Kg3 Qg1+ 51. Kf3 Qxd4 52. Qxe6 Nxe5+ 53. Kg3 Qe3+ 54. Kg2 Qf3+ 55. Kg1 Qxg4+ 56. Qxg4 Nxg4 57. Kg2 Nf6 58. Kf3 Kd6 59. Kf4 Ke6 60. Bf2 Nd5+ 61. Kg5 Nxb4 62. Kg6 c5 63. Kxg7 c4 64. Kg6 Kd5 65.
Kf5 c3 66. Kf4 c2 67. Be3 Nd3+ 0-1

[Event "*** MasterClass Titled Tuesday Blitz"]
[Site "Chess.com"]
[Date "2017.11.07"]
[Round "7"]
[White "FearNoEvil12"]
[Black "amurdercastle"]
[Result "0-1"]
[WhiteElo "2013"]
[BlackElo "2288"]
[TimeControl "180+2"]
[EndTime "15:42:58 PST"]
[Termination "amurdercastle won by resignation"]

1. e4 c6 2. d4 d5 3. Nc3 dxe4 4.
Nxe4 Bf5 5. Ng3 Bg6 6. Bc4 e6 7. N1e2 Nf6 8. O-O Bd6 9. f4 Bf5 10. Nxf5 exf5 11. Ng3 g6 12. Re1+ Kf8 13. b3 Nbd7 14.
Qf3 Qc7 15. Nxf5 gxf5 16. Qh3 Ng4 17. Qh5 Ndf6 18. Qxf5 Qd7 19. Qxd7 Nxd7 20. h3 Ngf6 21. Bd2 b5 22. Bd3 Nd5 23. g3 Rg8 24. Kf2 N7f6 25.
Re5 Bxe5 26. dxe5 Nh5 27. Rg1 b4 28. Bxh7 Rh8 29. Be4 a5 30. g4 Nhxf4 31. Bxd5 Nxd5 32. Kg3 Ke7 33. h4 Ke6 34. h5 Kxe5 35. Kh4 f6 36. Re1+ Kd6 37. h6 a4 38. Kh5 axb3 39.
axb3 Ra2 40. Rc1 Ke6 41. g5 fxg5 42. Bxg5 Ra7 43. Re1+ Kd6 44. Kg6 Rg8+ 45. Kh5 Rh7 46. Rd1 Kc5 47. Rd3 Rf7 48. Kh4 Nf4 49. Rg3 Ng6+ 50. Kh5 Kb5 51. Rg4 Nf8 52. Kh4 Nh7 53. Be3 Rxg4+ 54. Kxg4 c5 55. Kh5 Nf8 56. Kg5 c4 57.
bxc4+ Kxc4 58. Bd2 Rf2 59. Be3 Rxc2 60. Kf6 Re2 61. Bg5 Re6+ 62. Kg7 Re5 63. Bf6 Rf5 64. Ba1 b3 65. Bb2 Kd3 66. Ba3 Ne6+ 67. Kg6 Rg5+ 68. Kf6 Rh5 69. Kg6 Nf4+ 70. Kg7 Rg5+ 71. Kf8 Ng6+ 72.
Kg7 Rg2 73. h7 Kc2 74. h8=Q Nxh8+ 75. Kxh8 b2 76. Bxb2 Kxb2 0-1

[Event "*** MasterClass Titled Tuesday Blitz"]
[Site "Chess.com"]
[Date "2017.11.07"]
[Round "7"]
[White "Lunaticx"]
[Black "chipmunknau"]
[Result "1-0"]
[WhiteElo "2676"]
[BlackElo "2498"]
[TimeControl "180+2"]
[EndTime "15:43:00 PST"]
[Termination "Lunaticx won by checkmate"]

1. d4 Nf6 2. c4 c5 3. d5 b5 4.
cxb5 a6 5. bxa6 g6 6. Nc3 Bxa6 7. e4 Bxf1 8. Kxf1 d6 9. g3 Bg7 10. Kg2 O-O 11. Nf3 Qb6 12. a4 Na6 13. Re1 Nb4 14. Qe2 Rfe8 15. Nd2 Nc2 16. Nc4 Nxe1+ 17. Qxe1 Qb4 18.
Qe2 Reb8 19. Bd2 Qb7 20. Nb5 Qd7 21. Ra3 Ne8 22. Ba5 Ra6 23. h4 e6 24. Rd3 Rxb5 25.
dxe6 fxe6 26. axb5 Qxb5 27. Ra3 d5 28. exd5 exd5 29. Rb3 Qxb3 30. Qxe8+ Bf8 31. Ne5 d4 32. Bc7 Qd5+ 33. Kh2 Ra8 34. Bb8 c4 35. h5 gxh5 36.
Nd7 Qf3 37. Qe6+ Kh8 38. Qe5+ Bg7 39. Qe8+ Bf8 40. Be5+ Kg8 41. Qe6+ Qf7 42. Nf6+ Kg7 43. Nxh5+ Kg8 44. Nf6+ Kg7 45. Nxh7+ Kg8 46. Nf6+ Kg7 47. Nh5+ Kg8 48. Qg4+ Bg7 49. Bxg7 Qxf2+ 50. Kh3 Qf1+ 51.
Kh4 Qh1+ 52. Kg5 Ra5+ 53. Be5 Qc6 54. Kh4+ Kf7 55. Qg7+ Ke6 56. Nf4+ Kf5 57. Bxd4 Qh1+ 58. Nh3 Ke4 59. Qg4+ Kd3 60. Bf6 Rd5 61. Qg6+ Kd2 62. Bg5+ Ke2 63. Qc2+ Kf3 64. Qf2+ Ke4 65. Qe3+ Kf5 66.
g4+ Kg6 67. Qe6+ Kg7 68. Bf6+ Kh7 69. Qf7+ Kh6 70. Qg7# 1-0

[Event "*** MasterClass Titled Tuesday Blitz"]
[Site "Chess.com"]
[Date "2017.11.07"]
[Round "7"]
[White "Fy_Rakotomaharo"]
[Black "florianschwabeneder"]
[Result "1-0"]
[WhiteElo "2459"]
[BlackElo "2422"]
[TimeControl "180+2"]
[EndTime "15:43:10 PST"]
[Termination "Fy_Rakotomaharo won by checkmate"]

1. e4 e5 2. Nf3 Nc6 3. Bc4 Be7 4. d4 exd4 5. c3 d6 6. O-O Nf6 7. cxd4 O-O 8. Nc3 Bg4 9. Be3 Nxe4 10. Nxe4 d5 11. Bd3 dxe4 12. Bxe4 Qd7 13. h3 Bf5 14.
Bxf5 Qxf5 15. Qb3 Nb4 16. Rac1 Bd6 17. Ne5 Qe6 18. Qxe6 fxe6 19. a3 Nd5 20. Nc4 Kf7 21. Rfe1 Rfd8 22. Rc2 Be7 23. Ne5+ Kf8 24. Rce2 Bf6 25.
Bd2 c6 26. g3 Bxe5 27. Rxe5 Nc7 28. R1e4 Rd5 29. Bf4 Rxe5 30. dxe5 Rd8 31. Rc4 Nd5 32. Bg5 Rd7 33. a4 Nb6 34. Rh4 h6 35. Be3 Rd5 36. Re4 Nd7 37. f4 b6 38. Rc4 c5 39. Kf2 Nb8 40. a5 Nc6 41. axb6 axb6 42. Ra4 Nb4 43. Kf3 Nd3 44. b3 Ne1+ 45. Ke4 Nc2 46. Ra8+ Kf7 47. Rb8 Nxe3 48. Kxe3 Rd1 49. Rb7+ Kf8 50. Rxb6 Re1+ 51. Kf3 Ke7 52. Rb7+ Kf8 53. g4 Rb1 54. Rb8+ Kf7 55. Rb5 Rb2 56. f5 exf5 57. gxf5 Ke7 58. Rb7+ Kf8 59.
Rb5 Ke7 60. Ke4 Re2+ 61. Kd5 Rf2 62. Rb7+ Kd8 63. Ke6 Rg2 64. f6 gxf6 65. exf6 Re2+ 66. Kd6 Rf2 67. Rb8# 1-0

[Event "*** MasterClass Titled Tuesday Blitz"]
[Site "Chess.com"]
[Date "2017.11.07"]
[Round "7"]
[White "Annawel"]
[Black "Koksik_13"]
[Result "0-1"]
[WhiteElo "2748"]
[BlackElo "2109"]
[TimeControl "180+2"]
[EndTime "15:43:14 PST"]
[Termination "Koksik_13 won by resignation"]

1. a3 d5 2. b4 e5 3. Bb2 Bd6 4. e3 Nf6 5. c4 c6 6. Qb3 O-O 7. Nf3 Qe7 8. cxd5 cxd5 9. d4 e4 10. Nfd2 a6 11. Nc3 Be6 12. Be2 Nc6 13. h3 Nd7 14. g4 Nb6 15. Rc1 f5 16. gxf5 Rxf5 17. Bg4 Rf6 18. Rf1 Raf8 19. Bxe6+ Qxe6 20. Ndxe4 Rf3 21. Rc2 Bg3 22. Re2 Bh4 23. Nc5 Qf7 24.
Kd1 Nc4 25. Bc1 Bxf2 26. Nd3 Bxe3 27. Rxf3 Qxf3 28. Ne1 Qf4 29. Nxd5 Qxd4+ 30. Qd3 Bxc1 31. Ne7+ Kh8 32. Nxc6 Nb2+ 33. Kc2 Qf6 34. Qf3 Bf4 35.
Ne7 Nc4 36. Qc3 Qf7 37. Nd3 Bd6 38. Nf5 Qxf5 39. Rf2 Qe6 40. Rxf8+ Bxf8 41. a4 Qf7 42. b5 axb5 43. axb5 Nd6 44. b6 Qa2+ 45. Kd1 Qb1+ 46. Ke2 Qxb6 47. Qe5 Qb1 48. Qf4 Qc2+ 49. Ke1 Qc8 50.
Ne5 Qe8 51. Kd1 Kg8 52. Qg3 Nf7 53. Ng4 Qe6 54. Qf3 Qc6 55. Qb3 Qd6+ 56. Ke2 h5 57.
Ne3 Qc6 58. h4 b5 59. Qb1 b4 60. Qf5 Qf6 61. Qxh5 b3 62. Qb5 b2 63. Ng4 Qc3 64.
Ne3 Qc1 65. Qe8 b1=Q 66. Nd5 Qe1+ 0-1